 Dungeon Crawl Stone Soup version 0.26.1-11-gd32895ea62 (webtiles) character file.

Game seed: 16887495204000140340

148004 Gwenloh the Spry (level 16, -25/85 HPs)
             Began as a Spriggan Delver on Apr 28, 2021.
             Was a High Priest of Fedhas.
             Killed from afar by a will-o-the-wisp (30 damage)
             ... with a foxfire
             ... on level 3 of the Swamp on Apr 30, 2021.
             The game lasted 04:27:43 (46998 turns).

Gwenloh the Spry (Spriggan Delver)                 Turns: 46998, Time: 04:27:44

Health: -25/85     AC:  7    Str: 21    XL:     16   Next: 93%
Magic:  26/26      EV: 37    Int: 21    God:    Fedhas [*****.]
Gold:   2129       SH:  0    Dex: 27    Spells: 15/15 levels left

rFire    . . .     SeeInvis +   b - +5 hunting sling "Beetleslayer" {freeze, +Fly}
rCold    . . .     Faith    .   (shield restricted)
rNeg     + . .     Spirit   .   z - +1 robe of Cowardice {rPois Will++ Int+4}
rPois    +         Reflect  .   P - +1 hat
rElec    .         Harm     .   B - +2 cloak {rCorr}
rCorr    +         Rampage  .   (gloves unavailable)
Will     ++++.                  (boots unavailable)
Stlth    +++++++...             D - amulet "Lishuok" {rPois Regen+ Str+4}
HPRegen  0.64/turn              k - ring "Gaogg" {rN+ Str+3 Int+4 Dex+4 SInv}
MPRegen  0.20/turn              U - +6 ring of strength

@: studying Short Blades, very quick
A: very small, unfitting armour, see invisible, speed 3
a: Renounce Religion, Evoke Flight, Wall of Briars, Grow Ballistomycete,
Overgrow, Grow Oklob


You were on level 3 of the Swamp.
You worshipped Fedhas.
Fedhas was extremely pleased with you.
You visited 5 branches of the dungeon, and saw 27 of its levels.
You also visited: Ossuary, Bailey and Gauntlet.

You collected 4231 gold pieces.
You spent 2102 gold pieces at shops.

Inventory:

Hand Weapons
 a - the +9 trident "Cuhen" {venom, Int+4 Dex+5}
   (You took it off a goblin in a bailey)

   It poisons the flesh of those it strikes.
   It affects your intelligence (+4).
   It affects your dexterity (+5).
 b - the +5 hunting sling "Beetleslayer" (weapon) {freeze, +Fly}
   (You acquired it on level 4 of the Dungeon)

   It causes projectiles fired from it to freeze those they strike, causing
   extra injury to most foes and up to half again as much damage against
   particularly susceptible opponents.
   They can also slow down cold-blooded creatures.
   It lets you fly.
 w - the +9 rapier of the Slicing Badger {elec, rF+ Str+5}
   (You took it off an orc on level 10 of the Dungeon)

   Occasionally, upon striking a foe, it can discharge electrical energy and
   cause terrible harm.
   It affects your strength (+5).
   It protects you from fire.
 I - the +7 falchion of Adghuy {antimagic, Dex+6}
   (You took it off an orc in a bailey)

   It reduces the magical energy of the wielder, and disrupts the spells and
   magical abilities of those hit.
   Natural abilities and divine invocations are not affected.
   It affects your dexterity (+6).
Missiles
 q - 550 stones
 t - 92 sling bullets (quivered ammo)
Armour
 z - the +1 robe of Cowardice (worn) {rPois Will++ Int+4}
   (You found it on level 1 of the Lair of Beasts)

   It affects your intelligence (+4).
   It protects you from poison.
   It affects your willpower, your defense against some magical effects.
 B - a +2 cloak of preservation (worn)
 K - +0 acid dragon scales
 P - a +1 hat (worn)
 Y - a +0 troll leather armour
Jewellery
 k - the ring "Gaogg" (left hand) {rN+ Str+3 Int+4 Dex+4 SInv}
   (You found it in a Gauntlet)

   [ring of positive energy]

   It affects your strength (+3).
   It affects your intelligence (+4).
   It affects your dexterity (+4).
   It protects you from negative energy.
   It lets you see invisible.
 y - an uncursed ring of resist corrosion
 D - the amulet "Lishuok" (around neck) {rPois Regen+ Str+4}
   (You found it on level 15 of the Dungeon)

   [amulet of regeneration]

   It affects your strength (+4).
   It protects you from poison.
   It increases your rate of regeneration.
 N - an uncursed amulet of reflection
 U - a +6 ring of strength (right hand)
Wands
 g - a wand of digging (8)
 m - a wand of flame (14)
 r - a wand of paralysis (26)
 E - a wand of polymorph (20)
 G - a wand of acid (5)
 J - a wand of disintegration (17)
 O - a wand of enslavement (18)
 Q - a wand of iceblast (4)
Scrolls
 c - 5 scrolls of fog
 d - a scroll of magic mapping
 e - 10 scrolls of fear
 h - 15 scrolls of remove curse
 j - 4 scrolls of blinking
 l - 3 scrolls of enchant armour
 n - 5 scrolls of amnesia
 o - 12 scrolls of teleportation
 v - 9 scrolls of enchant weapon
 C - 6 scrolls of identify
 T - 3 scrolls of silence
 X - a scroll of holy word
 Z - 3 scrolls of brand weapon
Potions
 f - 5 potions of haste
 i - a potion of heal wounds
 p - a potion of cancellation
 s - 9 potions of curing
 u - 5 potions of berserk rage
 x - 4 potions of flight
 A - 3 potions of ambrosia
 M - 3 potions of magic
 V - a potion of resistance
Books
 F - a manual of Short Blades
Miscellaneous
 R - a condenser vane
 W - a phantom mirror


   Skills:
 - Level 10.3 Fighting
 + Level 15.7 Short Blades
 + Level 14.2 Slings
 + Level 17.1 Dodging
 - Level 16.9 Stealth
 + Level 12.0 Invocations
 + Level 12.7 Evocations


You had 15 spell levels left.
You didn't know any spells.
Your spell library contained the following spells:

 Spells                   Type           Power        Failure   Level
 Beastly Appendage        Tmut           0%           19%         1
 Foxfire                  Conj/Fire      0%           19%         1
 Sandblast                Erth           0%           19%         1
 Passwall                 Tmut/Erth      0%           26%         2
 Poisonous Vapours        Pois/Air       0%           26%         2
 Wereblood                Tmut           0%           26%         2
 Confusing Touch          Hex            0%           47%         3
 Conjure Flame            Conj/Fire      0%           47%         3
 Gell's Gravitas          Tloc           0%           47%         3
 Ignite Poison            Fire/Tmut/Pois 0%           47%         3
 Inner Flame              Hex/Fire       0%           47%         3
 Mephitic Cloud           Conj/Pois/Air  0%           47%         3
 Spider Form              Tmut/Pois      0%           47%         3
 Stone Arrow              Conj/Erth      0%           47%         3
 Ice Form                 Ice/Tmut       0%           87%         4
 Petrify                  Tmut/Erth      0%           87%         4
 Sticky Flame             Conj/Fire      0%           87%         4
 Blade Hands              Tmut           0%           99%         5
 Bolt of Magma            Conj/Fire/Erth 0%           99%         5
 Fireball                 Conj/Fire      0%           99%         5
 Iskenderun's Battlesphe  Conj           0%           99%         5
 Lee's Rapid Deconstruct  Erth           0%           99%         5
 Metabolic Englaciation   Hex/Ice        0%           99%         5
 Yara's Violent Unravell  Hex/Tmut       0%           99%         5
 Freezing Cloud           Conj/Ice/Air   0%           100%        6
 Iron Shot                Conj/Erth      0%           100%        6
 Starburst                Conj/Fire      0%           100%        6
 Statue Form              Tmut/Erth      0%           100%        6
 Malign Gateway           Summ/Tloc      0%           100%        7
 Monstrous Menagerie      Summ           0%           100%        7
 Orb of Destruction       Conj           0%           100%        7
 Spellforged Servitor     Conj/Summ      0%           100%        7
 Summon Greater Demon     Summ           0%           100%        7
 Ignition                 Fire           0%           100%        8
 Summon Horrible Things   Summ           0%           100%        8


Dungeon Overview and Level Annotations

Branches:
Dungeon (15/15)            Temple (1/1) D:4            Lair (6/6) D:10
  Swamp (3/4) Lair:3       Spider (0/4) Lair:2        Slime (0/5) Lair:5
    Orc (2/2) D:10            Elf (0/3) Orc:2        Vaults (0/5) D:14
 Depths (0/5) D:15        Ossuary (visited)          Bailey (visited)
Gauntlet (visited)

Altars:
Ashenzari
Cheibriados
Dithmenos
Elyvilon
Fedhas
Gozag
Hepliaklqana
Kikubaaqudgha
Makhleb
Nemelex Xobeh
Okawaru
Qazlal
Ru
Sif Muna
Trog
Uskayaw
Vehumet
Wu Jian
Xom
Yredelemnul
Zin
The Shining One
Lugonu

Shops:
D:4 ?   D:14 ?   Orc:2 !}?(

Portals:
Abyss: D:4

Annotations:
D:12 1 runed translucent door, Anyutwal's ghost, journeyman HOFi
Lair:1 2 transporters, diana's ghost, novice DsGl
Swamp:2 2 transporters, Uproi's ghost, adept NaFi


Innate Abilities, Weirdness & Mutations

You are very small and have problems with some larger weapons.
You are too small for most types of armour.
You have supernaturally acute eyesight. (SInv)
You cover ground extremely quickly.


Message History

The will-o-the-wisp conjures some foxfire!
The foxfire hits you!! 2 foxfires come into view.
You shoot a sling bullet. The sling bullet hits the eleionoma!
The sling bullet freezes the eleionoma.
The eleionoma is severely wounded.
You shoot a sling bullet. The sling bullet hits the foxfire.
The sling bullet freezes the foxfire.
The foxfire is lightly damaged.
The foxfire hits you!
The will-o-the-wisp gestures.
The will-o-the-wisp conjures some foxfire!
The foxfire hits you. 2 foxfires come into view.
You are too injured to fight recklessly!
The foxfire hits you!!
* * * LOW HITPOINT WARNING * * *
The foxfire hits you!!
You die...
Fedhas appreciates your contribution to the ecosystem.

≈(≈≈((§..≈.♣≈ ♣≈≈.≈ ≈.(((§.>≈≈§≈♣
♣.≈≈.♣ .....§v(≈≈≈. ♣.♣..≈
≈§≈.≈((≈≈≈≈♣ ♣♣....
§≈≈≈≈≈R≈§≈≈♣♣♣♣ ♣♣♣♣♣≈.≈≈.
≈≈≈≈≈≈≈≈§§§≈≈≈♣♣ ♣≈≈♣≈≈..≈≈
≈≈...≈≈..§§§≈≈.♣♣ ..≈.≈≈≈≈≈≈
.≈..(...≈.§v≈≈≈≈♣ ♣...≈≈≈≈
≈.....≈§♣♣.@≈≈≈≈♣ ♣♣♣♣.≈≈≈†≈
..♣≈..♣♣....≈≈≈≈♣♣♣..≈.≈≈≈.≈
♣♣..♣≈≈§≈≈≈≈≈≈.♣≈.....≈≈..
≈.≈≈≈.≈§≈≈≈≈≈≈≈.♣♣♣♣.≈≈≈≈≈
♣..≈≈≈≈≈≈≈≈...≈≈≈.♣♣♣§†≈≈≈≈
♣♣.≈≈≈≈≈..≈≈..≈≈≈.....≈≈≈≈.
♣♣♣♣♣♣♣♣.≈≈≈≈..≈[....)...§......♣
♣§♣≈§..v≈≈≈≈≈≈≈≈≈.≈≈≈...≈≈≈≈..♣♣♣
≈(..≈≈≈≈≈(≈(≈≈.≈≈≈≈≈≈≈≈.≈≈≈≈♣♣♣♣♣


You could see an eleionoma and a will-o-the-wisp.

Vanquished Creatures
  Rupert (D:10)
  Jorgrun (Swamp:1)
  Roxanne (D:15)
  A frost giant (D:15)
  2 fire giants (D:15)
  Louise (Swamp:1)
  An orc warlord (Bailey)
  An ironheart preserver (D:14)
  A minotaur (Gauntlet)
  3 bunyips
  An eleionoma (Swamp:3)
  Erolcha (D:10)
  2 yaktaur captains (D:15)
  Fannar (D:10)
  3 boulder beetles
  Harold (D:8)
  9 hydras
  A catoblepas (Lair:6)
  5 alligators
  6 centaur warriors
  Urug (D:10)
  A tengu warrior (D:14)
  8 death yaks (Lair:6)
  Sonja (Orc:2)
  3 orc high priests (Orc:2)
  Nergalle (Lair:3)
  A goliath frog (Swamp:3)
  3 swamp dragons
  3 unseen horrors
  A spriggan druid (Swamp:2)
  A wizard (D:14)
  2 bog bodies
  7 orc knights
  A wolf spider zombie (D:14)
  4 orc sorcerers (Orc:2)
  3 will-o-the-wisps
  6 cyclopes
  6 manticores
  11 ugly things
  12 elephants
  2 torpor snails
  5 black mambas
  2 gargoyles (D:12)
  12 cane toads
  A rime drake (Lair:4)
  6 kobold demonologists
  Maggie (D:9)
  8 komodo dragons
  A yaktaur (D:15)
  2 ice devils (D:13)
  4 tengu conjurers
  2 polar bears
  6 trolls
  9 tyrant leeches
  A bloated husk (Swamp:3)
  Prince Ribbit (D:8)
  7 slime creatures (D:12)
  5 hornets
  27 blink frogs
  A redback (Lair:2)
  5 spriggans
  2 wraiths
  42 yaks
  3 fire bats (Lair:1)
  4 wyverns
  5 basilisks
  4 vampire mosquitoes (D:13)
  8 swamp worms
  5 wargs
  21 water moccasins
  A hornet zombie (D:10)
  4 sky beasts
  2 swamp drakes
  3 ice beasts
  36 orc warriors
  20 wolves
  3 phantoms
  2 black bears
  11 ogres
  7 centaurs
  7 big kobolds
  6 elf zombies (Ossuary)
  31 bullfrogs
  A gnoll sergeant (Orc:2)
  A wyvern skeleton (D:14)
  5 scorpions
  A water moccasin skeleton (D:6)
  A water moccasin zombie (D:5)
  2 killer bees
  8 electric eels
  11 wights
  5 howler monkeys
  9 centaur zombies
  4 small abominations (Gauntlet)
  7 crimson imps (D:11)
  4 human zombies (Ossuary)
  7 jellies
  2 bullfrog skeletons
  5 hounds
  25 orc priests
  29 orc wizards
  5 centaur skeletons
  4 iguanas
  13 worker ants
  Terence (D:3)
  3 mummies (Ossuary)
  A howler monkey zombie (D:9)
  3 worker ant zombies
  19 gnolls
  A howler monkey skeleton (D:7)
  11 adders
  2 shadow imps
  2 white imps (D:11)
  4 ufetubi
  An ooze (Lair:5)
  2 adder zombies
  2 worms
  2 dart slugs
  94 orcs
  6 bats
  3 giant cockroaches
  28 goblins
  20 hobgoblins
  7 jackals
  4 quokkas
  2 ball pythons
  5 frilled lizards
  12 kobolds
  A leopard gecko zombie (D:7)
  6 rats
  2 ballistomycete spores
  A butterfly (D:4)
  A lurking horror (D:4)
849 creatures vanquished.

Vanquished Creatures (collateral kills)
  2 catoblepae (Lair:6)
  A death yak (Lair:6)
  2 spriggan druids
  A black mamba (Lair:3)
  3 cane toads
  A gargoyle (D:10)
  A centaur skeleton (D:15)
  A tengu conjurer (Gauntlet)
  A tyrant leech (Swamp:2)
  A blink frog (Lair:2)
  2 basilisks (Lair:4)
  6 yaks
  A water moccasin (Lair:1)
  3 orc warriors (Bailey)
  An ogre (D:7)
  6 wolves
  11 killer bees
  4 wights
  A jelly (D:7)
  2 orc priests
  2 orc wizards
  An iguana (D:8)
  2 small abominations (Gauntlet)
  3 gnolls
  An adder (D:7)
  10 orcs
  2 goblins (Bailey)
  A hobgoblin (Bailey)
  53 ballistomycete spores
126 creatures vanquished.

Vanquished Creatures (others)
  A thorn hunter (Swamp:1)
  An alligator (Swamp:1)
  2 bog bodies (Swamp:1)
  A bloated husk (Swamp:3)
  A tyrant leech (Swamp:1)
  A water moccasin (Lair:5)
  A sky beast (D:10)
  A hound (D:14)
  An orc (Orc:2)
  7 ballistomycete spores
  19 foxfires
  54 fungi
  87 plants
177 creatures vanquished.

Grand Total: 1152 creatures vanquished

Notes
Turn   | Place    | Note
-------+----------+-------------------------------------------
     0 | D:5      | Gwenloh the Spriggan Delver began the quest for the Orb.
     0 | D:5      | Reached XP level 1. HP: 11/11 MP: 2/2
    92 | D:4      | Noticed an iguana
   743 | D:1      | Reached skill level 1 in Evocations
   754 | D:1      | Reached XP level 2. HP: 16/16 MP: 3/3
  1278 | D:2      | Found a glowing golden altar of the Shining One.
  1326 | D:2      | Reached XP level 3. HP: 19/19 MP: 4/4
  1842 | D:2      | Reached skill level 4 in Dodging
  1904 | D:2      | Found a sacrificial altar of Ru.
  1916 | D:2      | Reached XP level 4. HP: 23/23 MP: 5/5
  2293 | D:3      | Found a blossoming altar of Fedhas.
  3198 | D:3      | Noticed Terence
  3205 | D:3      | Killed Terence
  3206 | D:3      | Reached XP level 5. HP: 27/27 MP: 6/6
  3306 | D:3      | Became a worshipper of Fedhas Madash
  3502 | D:4      | Reached skill level 1 in Slings
  3693 | D:4      | Found a staircase to the Ecumenical Temple.
  3759 | D:3      | Reached skill level 5 in Dodging
  3894 | D:4      | Found Tedewi's Magic Scroll Boutique.
  3898 | D:4      | Found a corrupted altar of Lugonu.
  3902 | D:4      | Found a one-way gate to the infinite horrors of the Abyss.
  3910 | D:4      | Bought a scroll of identify for 22 gold pieces
  3910 | D:4      | Bought a scroll of identify for 22 gold pieces
  3910 | D:4      | Bought a scroll of identify for 22 gold pieces
  4415 | Temple   | Entered the Ecumenical Temple
  4684 | D:5      | Noticed an ogre
  4691 | D:5      | Reached XP level 6. HP: 32/32 MP: 7/7
  4838 | D:5      | Found a white marble altar of Elyvilon.
  5099 | D:5      | Reached * piety under Fedhas
  5362 | D:5      | Reached XP level 7. HP: 20/35 MP: 8/8
  6100 | D:5      | Found a basalt altar of Yredelemnul.
  6294 | D:6      | Reached skill level 6 in Dodging
  6373 | D:6      | Found an iron altar of Okawaru.
  7330 | D:6      | Got a fine falchion
  7335 | D:6      | Identified the +4 falchion of the Smoking Butterfly {elec,
                  | +Blink rPois Str-2 Stlth+} (You found it on level 6 of the
                  | Dungeon)
  7553 | D:6      | Reached skill level 1 in Invocations
  7553 | D:6      | Reached skill level 5 in Evocations
  7640 | D:6      | Reached skill level 5 in Short Blades
  7814 | D:6      | Found an opulent altar of Gozag.
  7814 | D:6      | Found a glowing silver altar of Zin.
  8038 | D:6      | Reached ** piety under Fedhas
  8039 | D:6      | Found a shimmering blue altar of Sif Muna.
  8042 | D:6      | Found a radiant altar of Vehumet.
  8048 | D:6      | Found a hide-covered altar of Uskayaw.
  8087 | D:6      | Reached XP level 8. HP: 31/39 MP: 9/9
  8387 | D:7      | Reached skill level 7 in Dodging
  8387 | D:7      | Reached skill level 10 in Stealth
  9174 | D:7      | Reached skill level 5 in Slings
  9389 | D:7      | Reached skill level 8 in Dodging
  9389 | D:7      | Reached XP level 9. HP: 29/43 MP: 12/12
 10148 | D:8      | Noticed Harold
 10162 | D:8      | Found a sand-covered staircase.
 10171 | Ossuary  | Entered an ossuary
 10400 | Ossuary  | Reached *** piety under Fedhas
 10605 | Ossuary  | Identified a scroll of acquirement
 10606 | Ossuary  | Acquired a +2 cloak of preservation
 10972 | D:8      | Noticed Prince Ribbit
 10977 | D:8      | Killed Prince Ribbit
 10978 | D:8      | Reached skill level 9 in Dodging
 11396 | D:8      | Found a broken altar of Ashenzari.
 11810 | D:8      | Found a shadowy altar of Dithmenos.
 11942 | D:8      | Killed Harold
 11943 | D:8      | Reached XP level 10. HP: 47/47 MP: 14/14
 12307 | D:9      | Found a flagged portal.
 12314 | Bailey   | Entered a bailey
 12485 | Bailey   | Reached skill level 5 in Invocations
 12684 | Bailey   | Noticed an orc knight
 12712 | Bailey   | Killed an orc knight
 12713 | Bailey   | Reached skill level 10 in Dodging
 12880 | Bailey   | Noticed an orc warlord
 12916 | Bailey   | Noticed an orc knight
 12938 | Bailey   | Killed an orc warlord
 12947 | Bailey   | Killed an orc knight
 12968 | Bailey   | Identified the +9 trident "Cuhen" {venom, Int+4 Dex+5}
 13141 | Bailey   | Identified the +7 falchion of Adghuy {antimagic, Dex+6}
 13718 | D:9      | Reached XP level 11. HP: 51/51 MP: 16/16
 13849 | D:9      | Found a blossoming altar of Fedhas.
 13945 | D:9      | Noticed Maggie
 13948 | D:9      | Killed Maggie
 14539 | D:9      | Found an ancient bone altar of Kikubaaqudgha.
 14692 | D:10     | Entered Level 10 of the Dungeon
 14759 | D:10     | Noticed Fannar
 14806 | D:10     | Noticed Erolcha
 14860 | D:10     | Noticed Urug
 14862 | D:10     | Killed Urug
 14863 | D:10     | Reached skill level 11 in Dodging
 14878 | D:10     | Reached XP level 12. HP: 64/64 MP: 17/17
 14879 | D:10     | Reached skill level 10 in Fighting
 14879 | D:10     | Reached XP level 13. HP: 72/72 MP: 18/18
 14919 | D:10     | Killed Erolcha
 14974 | D:10     | Identified the +9 rapier of the Slicing Badger {elec, rF+
                  | Str+5}
 15493 | D:10     | Reached **** piety under Fedhas
 15931 | D:10     | Killed Fannar
 15932 | D:10     | Reached skill level 10 in Evocations
 16274 | D:10     | Found a staircase to the Lair.
 16447 | D:10     | Found a staircase to the Orcish Mines.
 17028 | Lair:1   | Entered Level 1 of the Lair of Beasts
 17168 | Lair:1   | Found a transporter.
 17172 | Lair:1   | Found a transporter.
 17173 | Lair:1   | Noticed diana's ghost (novice DsGl)
 18214 | Lair:1   | Got a heavy robe
 18225 | Lair:1   | Identified the +1 robe of Cowardice {rPois Will++ Int+4}
                  | (You found it on level 1 of the Lair of Beasts)
 18404 | Lair:2   | Acquired 1041 gold pieces
 18429 | Lair:2   | Found a hole to the Spider Nest.
 18611 | Lair:2   | Reached skill level 12 in Dodging
 20392 | Lair:1   | Reached XP level 14. HP: 58/77 MP: 20/20
 20745 | Lair:2   | Reached skill level 10 in Slings
 20893 | Lair:3   | Reached skill level 10 in Short Blades
 21182 | Lair:3   | Noticed Nergalle
 21200 | Lair:3   | Killed Nergalle
 21721 | Lair:3   | Found a staircase to the Swamp.
 22139 | Lair:4   | Reached skill level 13 in Dodging
 22139 | Lair:4   | Reached skill level 15 in Stealth
 23868 | Lair:5   | Found a staircase to the Slime Pits.
 24246 | Lair:5   | Reached ***** piety under Fedhas
 25505 | Lair:6   | Entered Level 6 of the Lair of Beasts
 26383 | Lair:6   | Acquired a manual of Short Blades
 26650 | Lair:6   | Reached skill level 14 in Dodging
 27658 | Lair:6   | Reached XP level 15. HP: 56/80 MP: 23/23
 28613 | D:4      | Bought a scroll of acquirement for 572 gold pieces
 28613 | D:4      | Acquired the +5 hunting sling "Beetleslayer" {freeze, +Fly}
 28857 | Orc:1    | Entered Level 1 of the Orcish Mines
 29776 | Orc:2    | Entered Level 2 of the Orcish Mines
 29784 | Orc:2    | Found a gate leading to a gauntlet.
 29910 | Gauntlet | Entered a Gauntlet
 29910 | Gauntlet | Found a transporter.
 29910 | Gauntlet | Found a runed translucent gate.
 29910 | Gauntlet | Found a transporter.
 29910 | Gauntlet | Found a runed translucent gate.
 29912 | Gauntlet | Found a runed translucent gate.
 29924 | Gauntlet | Found a transporter.
 29941 | Gauntlet | Found a transporter.
 29941 | Gauntlet | Found a transporter.
 29945 | Gauntlet | Found a transporter.
 29946 | Gauntlet | Found a transporter.
 29946 | Gauntlet | Found a transporter.
 29964 | Gauntlet | Found a transporter.
 29971 | Gauntlet | Found a runed translucent door.
 29978 | Gauntlet | Found a transporter.
 29985 | Gauntlet | Found a transporter.
 30002 | Gauntlet | Found a transporter.
 30024 | Gauntlet | Found a transporter.
 30036 | Gauntlet | Found a transporter.
 30185 | Gauntlet | Got a warped steel ring
 30187 | Gauntlet | Identified the ring "Gaogg" {rN+ Str+3 Int+4 Dex+4 SInv}
                  | (You found it in a Gauntlet)
 30486 | Gauntlet | Got a pair of warped boots
 30527 | Gauntlet | Found the +6 lightning scales {run, rElec}
 30689 | Gauntlet | Got a brightly glowing bronze ring
 30863 | Orc:2    | Noticed Sonja
 30897 | Orc:2    | Killed Sonja
 31373 | Orc:2    | Noticed Rupert
 31545 | Orc:1    | Reached skill level 10 in Invocations
 31892 | D:10     | Killed Rupert
 32281 | Orc:2    | Found a staircase to the Elven Halls.
 33087 | Orc:2    | Found Avuat's Weapon Emporium.
 33087 | Orc:2    | Found Xissin's Distillery.
 33092 | Orc:2    | Found Qeler's Magic Scroll Emporium.
 33092 | Orc:2    | Found Qogedyur's Gadget Boutique.
 33298 | Orc:2    | Reached skill level 15 in Dodging
 33538 | Orc:2    | Bought a potion of curing for 39 gold pieces
 33538 | Orc:2    | Bought a potion of curing for 39 gold pieces
 33538 | Orc:2    | Bought a potion of curing for 39 gold pieces
 33538 | Orc:2    | Bought a potion of curing for 39 gold pieces
 33540 | Orc:2    | Bought a condenser vane for 520 gold pieces
 33541 | Orc:2    | Bought a scroll of holy word for 112 gold pieces
 35079 | D:12     | Found a runed translucent door.
 35080 | D:12     | Found a shimmering altar of Xom.
 35080 | D:12     | Noticed Anyutwal's ghost (journeyman HOFi)
 35081 | D:12     | Identified the +10 long sword "Saucvos" {chaos, rF+ Dex+2}
 35082 | D:12     | Found the +8 longbow "Zephyr" {speed, Dex+3 SInv}
 37892 | D:13     | Found a white marble altar of Elyvilon.
 38446 | D:14     | Found Yckufuk's Magic Scroll Emporium.
 38624 | D:14     | Bought a scroll of acquirement for 676 gold pieces
 38629 | D:14     | Acquired a manual of Short Blades
 38996 | D:14     | Found a gate to the Vaults.
 39121 | D:14     | Reached XP level 16. HP: 85/85 MP: 25/25
 40063 | D:14     | Found a stormy altar of Qazlal.
 40707 | D:14     | Identified the ring of the Nightingale {*Tele Will- Str+4}
                  | (You found it in a Gauntlet)
 40715 | D:15     | Entered Level 15 of the Dungeon
 40766 | D:14     | Reached skill level 16 in Dodging
 41033 | D:15     | Got a smoking zirconium amulet
 41659 | D:15     | Identified Roxanne's Papyrus of Transformation
 41659 | D:15     | Noticed Roxanne
 41883 | D:15     | Found a staircase to the Depths.
 43196 | D:15     | Killed Roxanne
 43407 | Swamp:1  | Entered Level 1 of the Swamp
 43409 | Swamp:1  | Noticed Jorgrun
 43715 | Swamp:1  | Killed Jorgrun
 43716 | Swamp:1  | Reached skill level 15 in Short Blades
 43835 | Swamp:1  | Noticed Louise
 43835 | Swamp:1  | Noticed a thorn hunter
 43841 | Swamp:1  | You fall into a shaft and drop 1 floor!
 44888 | Swamp:1  | Killed Louise
 44891 | Swamp:1  | Killed a thorn hunter
 45264 | Swamp:1  | Identified the amulet "Lishuok" {rPois Regen+ Str+4} (You
                  | found it on level 15 of the Dungeon)
 45758 | Swamp:2  | Identified the cursed +2 demon whip of Evil {flame, Fragile
                  | Will+ Str+3 Dex+2}
 45763 | Swamp:2  | Noticed Uproi's ghost (adept NaFi)
 45764 | Swamp:2  | Identified the +3 trident "Xommuap Liu" {vorpal, Dex+6}
 45765 | Swamp:2  | Found a bloodstained altar of Trog.
 46122 | Swamp:2  | Identified the ring "Gorodgh" {rElec rF+ rN+ Will+ Stlth-}
 46123 | Swamp:2  | Identified the +1 lajatang of Jairuyfi {antimagic, rF+
                  | Will++ Int-5}
 46130 | Swamp:2  | Found a transporter.
 46154 | Swamp:2  | Found a transporter.
 46665 | Swamp:3  | Reached skill level 17 in Dodging
 46998 | Swamp:3  | Killed from afar by a will-o-the-wisp

Illustrated notes

Levels and vault maps discovered:
D:1:      onia_arrival_pyramid, layout_loops_corners
D:2:      layout_basic, tso_metal_star, nicolae_ru_great_annihilating_truth
D:3:      layout_basic, fedhas_ov_isle_minmay, uniq_terence
D:4:      layout_basic, minmay_temple_entry_butterflies, serial_shops,
          shop_fountains, amcnicky_altar_lugonu_corruption
D:5:      layout_loops_ring, kennysheep_ying_yang
D:6:      layout_cave_pods, grunt_temple_overflow_gold_and_silver,
          kennysheep_little_box, minmay_overflow_temple_star_quad
D:7:      layout_basic, minmay_misc_feat_rugged
D:8:      layout_basic, kennysheep_mini, nicolae_dithmenos_shadow_blocks,
          enter_ossuary_1, chequers_serial_rivers_small_3, uniq_prince_ribbit1,
          uniq_harold
D:9:      layout_roguey, marbit_many_paths, kiku_gazebo_garden_becter,
          enter_bailey_3, minmay_increasing_density, uniq_maggie
D:10:     layout_long_grid, erik_lair_orcish_takeover, erik_orc_1,
          nrook_campfire, the_bakery, uniq_urug, uniq_erolcha, uniq_fannar
D:11:     layout_cross, fountainhead, minmay_nine_imps
D:12:     layout_layer_cave, ebering_ghost_xom
D:13:     layout_irregular_city, portal_ice_cave_demonic_guard, elyvilon_altar_3
D:14:     layout_basic, skrybe_vaults_entry_preservation, basic_altar,
          grunt_decor_fettered, serial_shops, shop, serial_rivers,
          chequers_serial_rivers_marsh, chequers_serial_rivers_room_a,
          chequers_serial_rivers_small_3, chequers_serial_rivers_small_a
D:15:     grunt_enter_depths_snipers, layout_basic, minmay_diamond_spiral,
          uniq_roxanne
Temple:   grunt_temple_mini_profane
Lair:1:   layout_gridlike, nicolae_volcano_entry_batcave, gammafunk_ghost_hive,
          lemuel_fruit_tree
Lair:2:   layout_misc_corridors, spider_nest_entry_webs
Lair:3:   layout_chaotic_city, nicolae_swamp_entry_splash_gauntlet,
          wad_woods_road_02, grunt_megastairs_5, uniq_nergalle
Lair:4:   layout_roguey, kennysheep_basilisk_garden
Lair:5:   layout_cave_pods, nicolae_slime_entry_slimehenge, grunt_megastairs_1
Lair:6:   evilmike_catoblepas_cave, layout_gridlike,
          nicolae_quartered_pool_medium
Swamp:1:  layout_falls_marsh, infiniplex_staircase_pool_2, uniq_jorgrun,
          uniq_louise
Swamp:2:  layout_basic_swamp, gammafunk_ghost_wrathful_warriors,
          nicolae_swamp_stair_fork, swamp_pool3
Swamp:3:  layout_basic_swamp, evilmike_swamp_ruin_house_4, swamp_pool1,
          roderic_carrion_pond
Orc:1:    layout_caves
Orc:2:    grunt_orc_tribal_feast, layout_caves, gauntlet_entry_generic,
          uniq_sonja, uniq_rupert

Skill      XL: |  1  2  3  4  5  6  7  8  9 10 11 12 13 14 15 16 |
---------------+-------------------------------------------------+-----
Evocations     | 1 2 3 4 5 6 8 9 10 11 12 | 12.7
Dodging        | 4 5 6 8 9 10 11 12 14 15 17 | 17.1
Short Blades   | 3 4 5 6 7 8 9 11 13 15 | 15.7
Stealth        | 8 9 10 11 12 13 14 16 | 16.9
Slings         | 1 2 3 5 6 8 9 11 13 14 | 14.2
Invocations    | 1 3 4 6 7 9 10 12 | 12.0
Fighting       | 7 10 | 10.3

Action                   |  1- 3 |  4- 6 |  7- 9 | 10-12 | 13-15 | 16-18 || total
-------------------------+-------+-------+-------+-------+-------+-------++-------
Melee: Short sword       |    84 |    96 |   143 |       |       |       ||   323
       Falchion          |       |       |   172 |    92 |    36 |       ||   300
       Rapier            |       |       |    19 |    17 |   186 |   250 ||   472
       Trident           |       |       |       |    31 |  1111 |   133 ||  1275
 Fire: Hunting sling     |       |   126 |   191 |   263 |   924 |   448 ||  1952
Throw: Stone             |       |       |       |       |     2 |       ||     2
Invok: Wall of Briars    |       |       |     8 |    19 |    40 |    11 ||    78
       Grow Ballistomyce |       |       |       |     6 |     8 |     2 ||    16
       Grow Oklob        |       |       |       |       |     1 |     1 ||     2
 Abil: Evoke Flight      |       |       |       |       |     1 |       ||     1
Evoke: Wand              |     8 |    12 |    19 |     2 |    22 |     1 ||    64
       Condenser vane    |       |       |       |       |       |     1 ||     1
  Use: Scroll            |       |     9 |     8 |     6 |    16 |     5 ||    44
       Potion            |       |       |       |     2 |    10 |     3 ||    15
 Stab: Sleeping          |    15 |    14 |    29 |     8 |    75 |     7 ||   148
       Confused          |       |       |       |     6 |     1 |     2 ||     9
       Distracted        |       |       |       |     1 |     6 |     3 ||    10
       Petrified         |       |       |       |       |     1 |       ||     1
Armor: Robe              |     9 |     8 |    10 |     2 |    65 |    11 ||   105
       Acid dragon scale |       |       |       |     4 |    15 |       ||    19
Dodge: Dodged            |    63 |   107 |   261 |    93 |  1589 |   413 ||  2526
Block: Other             |       |       |       |       |    92 |    43 ||   135
       Reflection        |       |       |       |       |     7 |     5 ||    12
       Rpst.: Falchion   |       |       |    42 |    24 |    13 |       ||    79
